 Dungeon Crawl Stone Soup version 0.31.0-12-g77e489cdc1 (webtiles) character file.

Game seed: 14739670553575436491

1223 Fodor the Chopper (level 8, 0/70 HPs)
             Began as a Minotaur Fighter on Feb 16, 2024.
             Was an Initiate of Gozag.
             Slain by a gnoll
             ... wielding a +0 flail
             ... led by a gnoll bouda
              (2 damage)
             ... on level 6 of the Dungeon.
             The game lasted 00:21:14 (4529 turns).

Fodor the Chopper (Minotaur Fighter)                Turns: 4529, Time: 00:21:15

Health: 0/70       AC: 15    Str: 26    XL:     8   Next: 23%
Magic:  7/7        EV:  9    Int:  3    God:    Gozag
Gold:   178        SH:  5    Dex:  9    Spells: 7/7 levels left

rFire   + . .        x - +7 falchion of Utury {elec, rElec rC+ Str+2 Int-2}
rCold   . . .        c - +0 buckler
rNeg    . . .        u - +0 chain mail
rPois   .            (helmet restricted)
rElec   +            h - scarf {+Inv}
rCorr   .            (no gloves)
SInv    .            j - +0 pair of boots
Will    .....        (no amulet) Stlth
                     q - +4 ring of protection
HPRegen 0.31/turn    v - ring of fire
MPRegen 0.10/turn

%: no passive effects
@: mighty, gold aura
A: horns 2, retaliatory headbutt
a: Renounce Religion, Evoke Invisibility, Potion Petition, Call Merchant, Bribe
Branch


You were on level 6 of the Dungeon.
You worshipped Gozag.
Gozag was aware of your devotion.
You visited 2 branches of the dungeon, and saw 7 of its levels.

You collected 260 gold pieces.
You paid 82 gold pieces to Gozag.

Inventory:

Hand Weapons
 a - a +0 war axe
 o - a +0 shortbow
 r - a +0 scythe
 x - the +7 falchion of Utury (weapon) {elec, rElec rC+ Str+2 Int-2}
   (You found it on level 6 of the Dungeon)

   Str+2:     It affects your strength (+2).
   Int-2:     It affects your intelligence (-2).
   rC+:       It protects you from cold.
   rElec:     It insulates you from electricity.
Missiles
 l - 5 boomerangs (quivered)
Armour
 c - a +0 buckler (worn)
 h - a scarf of invisibility (worn)
 j - a +0 pair of boots (worn)
 u - a +0 chain mail (worn)
Jewellery
 q - a +4 ring of protection (left hand)
 v - a ring of fire (right hand)
Wands
 b - a wand of paralysis (11)
Scrolls
 f - 5 scrolls of identify {unknown}
 i - a scroll of amnesia
 m - a scroll of poison {unknown}
 n - 2 scrolls of teleportation {unknown}
 s - a scroll of brand weapon {unknown}
 t - a scroll of noise {unknown}
Potions
 d - 2 potions of might
 e - a potion of heal wounds {unknown}
 k - a potion of berserk rage {unknown}
 p - a potion of magic {unknown}
 w - a potion of lignification {unknown}


   Skills:
 + Level 5.7 Fighting
 + Level 0.6 Long Blades
 + Level 7.8 Axes
 + Level 1.2 Throwing
 + Level 6.4 Armour
 + Level 2.5 Dodging
 + Level 1.0 Stealth
 + Level 5.6 Shields


You had 7 spell levels left.
You didn't know any spells.
Your spell library contained the following spells:

 Spells                   Type           Power      Damage    Failure   Level
 Shock                    Conj/Air       0%         1d3       97%         1
 Swiftness                Air            0%         N/A       100%        3
 Airstrike                Air            0%         2d(0-16)  100%        4
 Manifold Assault         Tloc           0%         N/A       100%        4
 Dispersal                Tloc           0%         N/A       100%        6
 Disjunction              Tloc           0%         N/A       100%        8


Dungeon Overview and Level Annotations

Branches:
Dungeon (6/15)             Temple (1/1) D:6

Altars:
Fedhas
Gozag
Hepliaklqana
Kikubaaqudgha
Makhleb
Okawaru
Qazlal
Sif Muna
Trog
Uskayaw
Vehumet
Wu Jian
Yredelemnul


Innate Abilities, Weirdness & Mutations

You have a pair of horns on your head.
You reflexively headbutt those who attack you in melee.


Message History

* * * LOW HITPOINT WARNING * * *
You slash the gnoll!
The gnoll is severely wounded.
The gnoll barely misses you.
The gnoll hits you from afar with a +0 spear.
* * * LOW HITPOINT WARNING * * *
The gnoll barely misses you. The gnoll hits you but does no damage.
The gnoll is distracted by your dazzling golden aura.
The gnoll attacks as it pursues you!
The gnoll hits you from afar with a +0 spear.
* * * LOW HITPOINT WARNING * * *
The gnoll hits you with a +0 spear.
* * * LOW HITPOINT WARNING * * *
The gnoll misses you.
You barely miss the gnoll.
Your attacks no longer feel as feeble.
The gnoll shouts!
The gnoll closely misses you.
The gnoll hits you from afar with a +0 spear!
* * * LOW HITPOINT WARNING * * *
The gnoll closely misses you.
As you read the scroll labelled HOXKIXUETO, it crumbles to dust.
It is a scroll of amnesia.
You feel forgetful for a moment.
The gnoll is no longer distracted by gold.
The gnoll closely misses you. The gnoll hits you with a +0 spear.
* * * LOW HITPOINT WARNING * * *
You slice the gnoll!!
You kill the gnoll!
The gnoll hits you from afar with a +0 spear.
* * * LOW HITPOINT WARNING * * *
The gnoll hits you but does no damage.
The gnoll hits you from afar with a +0 spear.
* * * LOW HITPOINT WARNING * * *
You closely miss the gnoll.
The gnoll is severely wounded.
The gnoll hits you with a +0 flail.
You die...
Your body crumbles into a pile of gold.

.# #.##..##.#....#.##............
.###..#...#.#....#.##############
...##†#...#.#.##.#..#
.#.##.#####.#.##.#..#
.#....#..)..#.##.##.#
.######.#####.##....# ##
#.....#..g$#### #####.####g#
#...##@# ###.<..# ######


You could see 2 gnolls.

Vanquished Creatures
  Sigmund (D:3)
  A black bear (D:5)
  A phantom (D:6)
  6 scorpions
  A bombardier beetle (D:4)
  A jelly (D:6)
  2 hounds
  A gnoll bouda (D:6)
  Jessica (D:3)
  An iguana (D:5)
  3 orc wizards
  8 gnolls
  8 adders
  A shadow imp (D:5)
  A white imp (D:6)
  A dart slug (D:3)
  14 orcs
  4 ball pythons
  8 endoplasms
  3 giant cockroaches
  7 goblins
  5 hobgoblins
  7 jackals
  6 quokkas
  11 bats
  5 frilled lizards
  9 kobolds
  5 rats
122 creatures vanquished.

Notes
Turn   | Place    | Note
-------+----------+-------------------------------------------
     0 | D:1      | Fodor the Minotaur Fighter began the quest for the Orb.
     0 | D:1      | Reached XP level 1. HP: 19/19 MP: 0/0
   298 | D:1      | Reached XP level 2. HP: 19/27 MP: 1/1
   708 | D:1      | Reached skill level 3 in Axes
   818 | D:2      | Reached XP level 3. HP: 32/33 MP: 2/2
  1121 | D:2      | Reached XP level 4. HP: 40/40 MP: 3/3
  1386 | D:3      | Reached skill level 4 in Axes
  1498 | D:3      | Noticed Jessica
  1510 | D:3      | Killed Jessica
  1773 | D:3      | Reached XP level 5. HP: 20/47 MP: 4/4
  2055 | D:3      | Noticed Sigmund
  2077 | D:3      | Killed Sigmund
  2078 | D:3      | Reached skill level 5 in Axes
  2078 | D:3      | Reached skill level 1 in Throwing
  2078 | D:3      | Reached skill level 1 in Dodging
  2078 | D:3      | Reached XP level 6. HP: 22/53 MP: 5/5
  2550 | D:4      | Found a radiant altar of Vehumet.
  2697 | D:4      | Reached skill level 6 in Axes
  2697 | D:4      | Reached skill level 5 in Armour
  3027 | D:4      | Reached skill level 5 in Fighting
  3173 | D:4      | Reached skill level 1 in Stealth
  3173 | D:4      | Reached XP level 7. HP: 61/61 MP: 6/6
  3323 | D:5      | Entered Level 5 of the Dungeon
  3654 | D:5      | Found an iron altar of Okawaru.
  3700 | D:5      | Reached skill level 5 in Shields
  3891 | D:5      | Reached skill level 7 in Axes
  4087 | D:6      | Reached XP level 8. HP: 54/70 MP: 7/7
  4349 | D:6      | Found a staircase to the Ecumenical Temple.
  4387 | D:6      | Identified the +7 falchion of Utury {elec, rElec rC+ Str+2
                  | Int-2}
  4392 | Temple   | Entered the Ecumenical Temple
  4409 | Temple   | Became a worshipper of Gozag Ym Sagoz the Greedy
  4527 | D:6      | HP: 3/70 [gnoll/+0 spear[a gnoll bouda] (4)]
  4529 | D:6      | Slain by a gnoll

Illustrated notes

Levels and vault maps discovered:
D:1:      wander_arrival_chamber, layout_basic
D:2:      layout_rooms
D:3:      layout_loops_ring, uniq_sigmund, uniq_jessica
D:4:      layout_loops_corners, lemuel_doored_altar, grunt_ministairs_5,
          st_stairs_14, chequers_serial_rivers_room_a, nicolae_the_louvre
D:5:      layout_basic, lemuel_tele_altar
D:6:      layout_basic, minmay_temple_entry_waves, corexii_checkpoint,
          corexii_hall_statues_i
Temple:   jpeg_temple_clearing

Skill      XL: |  1  2  3  4  5  6  7 |
---------------+----------------------+-----
Fighting       | 4 5 |  5.7
Axes           | 3 4 5 6 7 |  7.8
Armour         | 4 5 6 |  6.4
Shields        | 4 5 |  5.6
Throwing       | 1 |  1.2
Dodging        | 1 2 |  2.5
Stealth        | 1 |  1.0
Long Blades    | |  0.6

Action                     |  1- 3 |  4- 6 |  7- 9 || total
---------------------------+-------+-------+-------++-------
  Melee: War axe           |    89 |   121 |    69 ||   279
         Headbutt          |    12 |    19 |    20 ||    51
         Falchion          |       |       |    26 ||    26
  Throw: Boomerang         |     7 |    19 |       ||    26
    Use: Potion            |       |       |     3 ||     3
         Scroll            |       |       |     1 ||     1
 Armour: Scale mail        |   100 |   107 |    40 ||   247
         Chain mail        |       |       |   107 ||   107
  Dodge: Dodged            |    68 |    69 |    73 ||   210
  Block: Buckler           |    29 |    23 |    34 ||    86
